 Dungeon Crawl Stone Soup version 0.27-a0-1186-g8b4daa1eef (webtiles) character file.

Game seed: 16201493793491645915

186 spiderkeys the Skirmisher (level 5, -4/43 HPs)
             Began as a Formicid Abyssal Knight on May 20, 2021.
             Was a Believer of Lugonu.
             Slain by an ogre
             ... wielding a +0 giant club
              (19 damage)
             ... on level 4 of the Dungeon.
             The game lasted 00:05:12 (3350 turns).

spiderkeys the Skirmisher (Formicid Abyssal Knight) Turns: 3350, Time: 00:05:13

Health: -4/43      AC: 13    Str: 18    XL:     5   Next: 97%
Magic:  7/7        EV:  7    Int: 11    God:    Lugonu [**....]
Gold:   226        SH:  4    Dex: 17    Spells: 4/4 levels left

rFire    . . .     SeeInvis +   a - +1 spear
rCold    . . .     Faith    .   p - +0 buckler
rNeg     . . .     Spirit   .   q - +0 chain mail
rPois    +         Reflect  .   (helmet unavailable)
rElec    .         Harm     .   (no cloak)
rCorr    .         Rampage  .   n - +0 pair of gloves
Will     .....                  d - +2 pair of boots of Sunlight {rC- Regen+ Dex+7 Slay+2}
Stlth    ..........             (no amulet)
HPRegen  1.14/turn              C - ring of protection from cold
MPRegen  0.10/turn              P - ring of poison resistance

@: no status effects
A: permanent stasis, dig shafts and tunnels, antennae 3, four strong arms
a: Dig, Shaft Self, Renounce Religion, Depart the Abyss, Bend Space


You were on level 4 of the Dungeon.
You worshipped Lugonu.
Lugonu was pleased with you.
You visited 1 branch of the dungeon, and saw 4 of its levels.
You visited the Abyss 1 time.

You collected 226 gold pieces.


Innate Abilities, Weirdness & Mutations

You cannot be hasted, slowed, berserked, paralysed or teleported.
You can dig through walls and to a lower floor.
You have a pair of large antennae on your head. (SInv)
Your four strong arms can wield two-handed weapons with a shield.


   Skills:
 + Level 4.3 Fighting
 + Level 3.1 Polearms
 + Level 3.6 Armour
 - Level 1.0 Dodging
 + Level 0.1 Shields
 + Level 3.8 Invocations


You had 4 spell levels left.
You didn't know any spells.
Your spell library was empty.

Inventory:

Hand Weapons
 a - a +1 spear (weapon)
Missiles
 b - 112 stones
 c - 68 bolts
 g - 8 javelins
 k - a throwing net {=f!f}
 l - 39 arrows
Armour
 d - the +2 pair of boots of Sunlight (worn) {rC- Regen+ Dex+7 Slay+2}
   (You acquired it on level 1 of the Abyss)

   It affects your dexterity (+7).
   It affects your accuracy and damage with ranged weapons and melee attacks
   (+2).
   It makes you vulnerable to cold.
   It increases your rate of health regeneration.
 n - a +0 pair of gloves (worn)
   (You found it on level 3 of the Dungeon)
 p - a +0 buckler (worn)
   (You found it on level 3 of the Dungeon)
 q - a +0 chain mail (worn)
   (You found it on level 4 of the Dungeon)
Jewellery
 C - a ring of protection from cold (left hand)
   (You found it on level 3 of the Dungeon)
 P - a ring of poison resistance (right hand)
   (You found it on level 3 of the Dungeon)
 Z - a ring of wizardry
   (You found it on level 1 of the Dungeon)
Scrolls
 e - a scroll of vulnerability {unknown}
 m - 2 scrolls of immolation {!r!r}
 o - 2 scrolls of teleportation {unknown}
Potions
 f - a potion of curing {@q1}
 h - a potion of haste {unknown}
 i - a potion of might {unknown}

Dungeon Overview and Level Annotations

Branches:
Dungeon (4/15)
 Temple: D:4-7

Altars:
Gozag

.r #{ .#.
##+##'##+##
#.........#
#.8g.8..8.#
###.........#
..#####'######
##......hr...#####
###''#######.{{#@#
≈≈≈..≈≈≈## ##{#O##
≈......≈≈## #.###
........≈≈###.##
.........≈≈##..#
...)......≈≈##.#
.≈≈≈≈≈≈....≈≈#.#
≈♣≈≈≈≈♣≈....≈#.#
≈≈≈≈≈≈≈≈....≈#.#


You could see an ogre.


Message History

You hit the endoplasm. You hit the endoplasm.
You kill the endoplasm!
Lugonu accepts your kill.
No target in view!
No target in view!
g - 8 javelins You sense a monster nearby.
A ball python comes into view.
The ball python hisses angrily.
You puncture the ball python!
You kill the ball python!
Lugonu accepts your kill.
No target in view!
No target in view!
No target in view!
Found an opulent altar of Gozag.
You see here a ball python corpse.
You now have 196 gold pieces (gained 10).
There is an opulent altar of Gozag here.
You now have 202 gold pieces (gained 6).
Found a stone staircase leading up.
No target in view!
No target in view!
No target in view!
Found a stone staircase leading down.
You now have 212 gold pieces (gained 10).
o - 2 scrolls labelled ORUNAC IGUU (gained 1)
b - 112 stones (gained 14)
i - a smoky brown potion No target in view!
You see here a +0 chain mail.
q - a +0 chain mail You start removing your armour.
You continue taking off your +0 scale mail. x4
You finish taking off your +0 scale mail.
You start putting on your armour.
You continue putting on your +0 chain mail. x5
You finish putting on your +0 chain mail.
Drop what? 20/52 slots (_ for help) (? for menu, Esc to quit)
You drop a +0 scale mail.
A quokka skeleton comes into view.
You see here 14 gold pieces.
You hit the quokka skeleton but do no damage.
You block the quokka skeleton's attack.
You hit the quokka skeleton. The quokka skeleton barely misses you.
You hit the quokka skeleton.
You destroy the quokka skeleton!
Lugonu accepts your kill.
No target in view!
You now have 226 gold pieces (gained 14).
c - 68 bolts (gained 23) Key pressed, stopping explore.
There is an escape hatch in the ceiling here.
There is an escape hatch in the floor here.
There is a large open door here.
There is a large open door here.
There is an open door here.
As you open the door, it creaks loudly! 2 quokkas, a hound, an endoplasm and an ogre come into view.
The hound barks!
The ogre shouts!
You hear a shout!
A gnoll comes into view. It is wielding a +0 spear.
The hound moves out of view.
There is an open door here.
The quokka bites you but does no damage.
You extend your mandibles.
You dig through the rock wall.
The quokka barely misses you.
You dig through the rock wall.
You dig through the rock wall.
The quokka barely misses you.
You retract your mandibles.
You hit the quokka.
The quokka bites you but does no damage.
You hit the quokka but do no damage. The quokka completely misses you.
You closely miss the quokka.
The quokka bites you but does no damage.
You barely miss the quokka.
The quokka bites you but does no damage. x2
You hit the quokka. The quokka bites you. 😕 HP[-2]
You take 2 damage, and now have 41/43 hp.
You hit the quokka.
You kill the quokka!
Lugonu accepts your kill. 😕 HP[+1]
You puncture the ogre!
The ogre hits you but does no damage. 😎 HP[+1]
Your hp is fully restored (43).
You hit the ogre.
The ogre hits you with a +0 giant club!! 😮 HP[-19]
You take 19 damage, and now have 24/43 hp.
MASSIVE DAMAGE!! (PAUSE)
You barely miss the ogre. The ogre hits you with a +0 giant club!
* * * LOW HITPOINT WARNING * * *
😨 HP[-10]
You take 10 damage, and now have 14/43 hp.
MASSIVE DAMAGE!! (PAUSE)
Okay, then.
Are you sure you want to shaft yourself?
The ogre hits you with a +0 giant club!!
You die...

Skill      XL: |  1  2  3  4  5 |
---------------+----------------+-----
Dodging        | 1 |  1.0
Invocations    | 3 |  3.8
Armour         | 3 |  3.6
Fighting       | 4 |  4.3
Polearms       | 3 |  3.1
Shields        | |  0.1

Action                   |  1- 3 |  4- 6 || total
-------------------------+-------+-------++-------
Melee: Spear             |    85 |   204 ||   289
Invok: Depart the Abyss  |     1 |       ||     1
 Abil: Dig               |       |     5 ||     5
       Shaft Self        |       |     1 ||     1
  Use: Scroll            |     1 |     3 ||     4
 Stab: Sleeping          |     1 |       ||     1
Armor: Leather armour    |    29 |     6 ||    35
       Scale mail        |       |    68 ||    68
       Chain mail        |       |     6 ||     6
Dodge: Dodged            |    39 |    91 ||   130
Block: Buckler           |       |     2 ||     2

Levels and vault maps discovered:
D:1:      lightli_arrival_statue_moat, layout_basic, minmay_surrounded
D:2:      layout_basic, hellmonk_ecumenical_altar_dog_temple
D:3:      layout_basic
D:4:      minmay_chambers_of_threes, layout_loops_ring,
          nicolae_gozag_cash_rules_everything_around_me,
          kennysheep_big_empty_room

Notes
Turn   | Place    | Note
-------+----------+-------------------------------------------
     0 | Abyss:1  | spiderkeys the Formicid Abyssal Knight began the quest for
                  | the Orb.
     0 | Abyss:1  | Reached XP level 1. HP: 18/18 MP: 2/2
     0 | Abyss:1  | magus.rc [v1.9.10]
    52 | Abyss:1  | Noticed an ancient zyme
    52 | Abyss:1  | Noticed a chaos spawn
    57 | Abyss:1  | Noticed a large abomination
    64 | Abyss:1  | Noticed an ettin skeleton
    68 | Abyss:1  | Identified a scroll of acquirement
    68 | Abyss:1  | Acquired the +2 pair of boots of Sunlight {rC- Regen+ Dex+7
                  | Slay+2}
    70 | D:1      | You pass through the gate.
    70 | D:1      | Escaped the Abyss
   476 | D:1      | Reached skill level 1 in Dodging
   549 | D:1      | Reached XP level 2. HP: 19/24 MP: 3/3
   550 | D:1      | Reached * piety under Lugonu
   603 | D:1      | Reached XP level 3. HP: 22/29 MP: 3/5
   718 | D:1      | Reached XP level 4. HP: 37/37 MP: 6/6
   753 | D:1      | Reached skill level 3 in Invocations
   838 | D:1      | Reached skill level 3 in Armour
  1267 | D:2      | Reached ** piety under Lugonu
  1268 | D:2      | Reached skill level 4 in Fighting
  1277 | D:2      | Reached XP level 5. HP: 42/42 MP: 7/7
  1404 | D:2      | Found a faded altar of an unknown god.
  1437 | D:2      | Reached skill level 3 in Polearms
  3034 | D:4      | Found an opulent altar of Gozag.
  3328 | D:4      | Noticed an ogre
  3350 | D:4      | Slain by an ogre

Vanquished Creatures
  5 gnolls
  4 adders
  3 worms
  2 dart slugs (D:1)
  7 ball pythons
  3 endoplasms
  4 giant cockroaches
  4 goblins
  9 hobgoblins
  21 jackals
  5 quokkas
  5 bats
  A frilled lizard (D:2)
  5 kobolds
  A quokka skeleton (D:4)
  3 rats
82 creatures vanquished.

Table legend:
 A = Non-vault XP
 B = Vault XP
 C = Vault XP percentage of total XP
 D = Non-vault monster count
 E = Vault monster count
 F = Vault count percentage of total count
                 A         B        C        D         E       F
            +---------+---------+-------+---------+---------+-------
      Total |     251 |      15 |   5.6 |      74 |       8 |   9.8
            +---------+---------+-------+---------+---------+-------
        D:1 |      72 |       7 |   8.9 |      31 |       4 |  11.4
        D:2 |     128 |       6 |   4.5 |      24 |       3 |  11.1
        D:3 |      44 |       0 |   0.0 |      14 |       0 |   0.0
        D:4 |       7 |       2 |  22.2 |       5 |       1 |  16.7
            +---------+---------+-------+---------+---------+-------

Illustrated notes

Table legend:
 A = Kills in this place as a percentage of kills in entire the game.
 B = Kills by you in this place as a percentage of kills by you in the entire game.
 C = Kills by friends in this place as a percentage of kills by friends in the entire game.
 D = Other kills in this place as a percentage of other kills in the entire game.
 E = Experience gained in this place as a percentage of experience gained in the entire game.
 F = Experience gained in this place divided by the number of levels of this place that you have seen.
                   A       B       C       D       E      F
               +-------+-------+-------+-------+-------+----------------------
         Total | 100.0 | 100.0 |   N/A |   N/A | 100.0 |  53.2
       Dungeon | 100.0 | 100.0 |   N/A |   N/A | 100.0 |  66.5
               +-------+-------+-------+-------+-------+----------------------

Table legend: (Time is in decaauts)
 A = Elapsed time spent in this place.
 B = Non-inter-level travel time spent in this place.
 C = Inter-level travel time spent in this place.
 D = Time resting spent in this place.
 E = Time spent auto-exploring this place.
 F = Levels seen in this place.
 G = Mean time per level.
                   A        B        C        D        E       F      G
               +--------+--------+--------+--------+--------+-----+--------+
         Total |   3342 |   3165 |    177 |    334 |   2260 |   5 |  668.4 |
       Dungeon |   3272 |   3095 |    177 |    334 |   2208 |   4 |  818.0 |
         Abyss |     70 |     70 |      0 |      0 |     52 |   1 |   70.0 |
               +--------+--------+--------+--------+--------+-----+--------+

Top non-repeatable levels by time:
     D:1: 1074 daAuts
     D:3: 996 daAuts
     D:2: 665 daAuts
     D:4: 536 daAuts
 Abyss:1: 70 daAuts
